 Dungeon Crawl Stone Soup version 0.19.4 (webtiles) character file.

103 Jerry the Skirmisher (level 4, 46/46 HPs)
             Began as an Ogre Gladiator on Jan 30, 2017.
             Quit the game on level 2 of the Dungeon.
             The game lasted 00:04:49 (1933 turns).

Jerry the Skirmisher (Ogre Gladiator)               Turns: 1933, Time: 00:04:50

Health: 46/46      AC:  4    Str: 20    XL:     4   Next: 79%
Magic:  4/4        EV: 11    Int:  7    God:
Gold:   43         SH:  0    Dex: 11    Spells: 0 memorised, 3 levels left

rFire  . . .     SeeInvis .     e - +0 short sword (protect)
rCold  . . .     Gourm    .     b - +0 robe
rNeg   . . .     Faith    .     (no shield)
rPois  .         Spirit   .     c - +0 hat
rElec  .         Reflect  .     m - +0 cloak
rCorr  .         Harm     .     (gloves unavailable)
MR     .....     Rnd*Tele +     (boots unavailable)
Stlth  +.........               (no amulet)
                                (no ring)
                                k - ring of teleportation (curse)

@: no status effects
A: unfitting armour, tough skin 1
a: no special abilities


You were on level 2 of the Dungeon.
You were hungry.

You visited 1 branch of the dungeon, and saw 2 of its levels.

You collected 43 gold pieces.

Inventory:

Hand Weapons
 a - a +0 long sword
 e - a +0 short sword of protection (weapon)
Missiles
 d - 4 throwing nets (quivered)
Armour
 b - a +0 robe (worn)
 c - a +0 hat (worn)
 m - a +0 cloak (worn)
Jewellery
 k - a cursed ring of teleportation (left hand)
Scrolls
 i - a scroll of enchant weapon {unknown}
 l - 4 scrolls of identify {unknown}
 o - 4 scrolls of remove curse {unknown}
 p - a scroll of immolation {unknown}
 s - a scroll of random uselessness {unknown}
 t - a scroll of enchant armour {unknown}
Potions
 h - 2 potions of curing {unknown}
 j - a potion of heal wounds {unknown}
 n - a potion of might {unknown}
Comestibles
 f - 2 bread rations
 g - 4 fruits
 q - a slice of pizza
 r - 2 meat rations


   Skills:
 + Level 3.6 Fighting
 + Level 2.5 Long Blades
 + Level 2.7 Throwing
 + Level 1.2 Armour
 + Level 3.3 Dodging


You had 3 spell levels left.
You didn't know any spells.

Dungeon Overview and Level Annotations

Branches:
Dungeon (2/15)

Altars:


Innate Abilities, Weirdness & Mutations

You are too large for most types of armour.
You have tough skin. (AC +1)


Message History

The hobgoblin barely misses you.
You hit the hobgoblin.
The hobgoblin is severely wounded.
The hobgoblin hits you with a club.
You closely miss the hobgoblin.
The hobgoblin is severely wounded.
The hobgoblin closely misses you.
You hit the hobgoblin.
You kill the hobgoblin!
No target in view!
No target in view!
You see here a club.
n - a smoky white potion You are feeling hungry.
There is an open door here.
There is an open door here.
o - 4 scrolls labeled MOCOSI NANY (gained 1) Done exploring.
Done exploring.
Are you sure you want to abandon this character and quit the game? (Confirm with "yes".)

..........#
#..........#
..........#
#..........#
..........#
#..........#
..........#
#..........#
..........#
#.......####
####'######
#.......#
#.#
#.......#
#.#
#.......#
#.#
#..@....#
####.##
#########
......#
#######


There were no monsters in sight!

Vanquished Creatures
  Robin (D:2)
  3 gnolls (D:2)
  An adder (D:2)
  A worm (D:2)
  A dart slug (D:2)
  2 leopard geckos (D:2)
  5 bats
  2 giant cockroaches
  9 goblins (D:2)
  9 hobgoblins
  6 kobolds
  A frilled lizard (D:1)
  4 rats
45 creatures vanquished.

Notes
Turn   | Place    | Note
-------+----------+-------------------------------------------
     0 | D:1      | Jerry the Ogre Gladiator began the quest for the Orb.
     0 | D:1      | Reached XP level 1. HP: 22/22 MP: 1/1
   503 | D:1      | Reached XP level 2. HP: 31/31 MP: 2/2
   730 | D:2      | Reached XP level 3. HP: 37/37 MP: 3/3
   740 | D:2      | Noticed Robin
  1082 | D:2      | Killed Robin
  1154 | D:2      | Reached XP level 4. HP: 28/45 MP: 4/4
  1487 | D:2      | Reached skill level 1 in Armour
  1933 | D:2      | Quit the game

Skill      XL: |  1  2  3  4 |
---------------+-------------+-----
Fighting       | 3 |  3.6
Dodging        | 3 |  3.3
Armour         | 1 |  1.2
Long Blades    | |  2.5
Throwing       | |  2.7

Action                   |  1- 3 |  4- 6 || total
-------------------------+-------+-------++-------
Melee: Short sword       |   145 |    78 ||   223
       Long sword        |     5 |       ||     5
 Stab: Sleeping          |     1 |       ||     1
  Eat: Chunk             |       |     3 ||     3
Armor: Robe              |    94 |    20 ||   114
Dodge: Dodged            |    91 |    53 ||   144
       Rpst.: Long sword |     2 |       ||     2
